[ AOE2 MATCH · #508032417 ]
UnrankedMagyars vs Aztecs
Player's team · LOSS
Rival team · WIN
[ REPLAY ANALYSIS · EXTRACTED FROM THE RECORDED GAME ]
Feudal
10:58
Castle
15:31
Imperial
—
| APM avg | 32.7 |
| APM peak | 61 |
| eAPM avg | 15.1 |
| Villagers / military | 41 / 8 |
Focus
⚔️ 26.4% · 🌾 73.6%
Knight ×6 · Monk ×1 · Mangonel ×1
Feudal
9:24
Castle
—
Imperial
—
| APM avg | 68.9 |
| APM peak | 95 |
| eAPM avg | 26.7 |
| Villagers / military | 31 / 44 |
Focus
⚔️ 37.9% · 🌾 62.1%
Archer ×25 · Spearman ×16 · Eagle Scout ×3
Match map
Initial resources + every placement click. Lines = walls · curves = elevation contours. ◆ gold · ⬟ stone · ● berries · ✦ relic · ◌ wall gap
Your base· Open — 7t gap
Philippvs II's base· Open — unwalled flank
Smoothed initial terrain · ◌ = detected wall gap · hover for details
Inputs per minute
— AttiladaHun - - Philippvs II
Build order — AttiladaHun
100 actions detected in the replay
| 0:01 | Queue | Villager (Male) |
| 0:01 | Queue | Villager (Male) |
| 0:01 | Queue | Villager (Male) |
| 0:02 | Queue | Villager (Male) |
| 0:02 | Build | House |
| 0:05 | Build | House |
| 1:40 | Queue | Villager (Male) |
| 2:03 | Queue | Villager (Male) |
| 2:03 | Queue | Villager (Male) |
| 2:16 | Queue | Villager (Male) |
| 2:16 | Queue | Villager (Male) |
| 2:31 | Build | Lumber Camp |
| 2:57 | Queue | Villager (Male) |
| 3:05 | Queue | Villager (Male) |
| 3:05 | Queue | Villager (Male) |
| 3:27 | Build | House |
| 3:39 | Queue | Villager (Male) |
| 3:39 | Queue | Villager (Male) |
| 4:07 | Queue | Villager (Male) |
| 4:08 | Queue | Villager (Male) |
| 4:08 | Queue | Villager (Male) |
| 4:47 | Queue | Villager (Male) |
| 4:47 | Queue | Villager (Male) |
| 4:47 | Queue | Villager (Male) |
| 5:09 | Build | Mill |
| 5:26 | Queue | Villager (Male) |
| 5:33 | Build | House |
| 5:55 | Queue | Villager (Male) |
| 5:56 | Queue | Villager (Male) |
| 6:48 | Queue | Villager (Male) |
| 6:49 | Queue | Villager (Male) |
| 7:15 | Queue | Villager (Male) |
| 7:24 | Research | Loom |
| 7:44 | Build | Mining Camp |
| 8:22 | Research | Feudal Age |
| 8:53 | Build | Palisade Wall |
| 8:54 | Build | Palisade Wall |
| 8:59 | Build | Palisade Wall |
| 9:00 | Build | Palisade Wall |
| 9:50 | Queue | Villager (Male) |
| 9:52 | Queue | Villager (Male) |
| 9:56 | Build | House |
| 10:58 | Age | Feudal Age |
| 11:13 | Build | Barracks |
| 11:37 | Build | Blacksmith |
| 11:54 | Queue | Villager (Male) |
| 12:04 | Build | Stable |
| 12:19 | Build | House |
| 12:21 | Build | Palisade Wall |
| 12:23 | Build | Palisade Wall |
| 12:28 | Build | Palisade Wall |
| 12:49 | Build | Watch Tower |
| 12:51 | Research | Castle Age |
| 13:10 | Build | House |
| 13:12 | Build | Palisade Wall |
| 13:15 | Build | Palisade Wall |
| 13:18 | Build | Palisade Wall |
| 13:19 | Build | Palisade Wall |
| 14:05 | Build | House |
| 14:26 | Build | Market |
| 14:30 | Research | Horse Collar |
| 14:54 | Build | Farm |
| 14:56 | Build | Farm |
| 15:03 | Build | Farm |
| 15:04 | Build | Farm |
| 15:14 | Build | Farm |
| 15:15 | Build | Farm |
| 15:16 | Build | Farm |
| 15:20 | Build | Farm |
| 15:20 | Build | Farm |
| 15:31 | Age | Castle Age |
| 15:33 | Build | Farm |
| 15:34 | Build | Farm |
| 16:00 | Queue | Villager (Male) |
| 16:19 | Queue | Knight |
| 16:19 | Queue | Knight |
| 16:50 | Queue | Knight |
| 17:07 | Queue | Villager (Male) |
| 17:25 | Build | Monastery |
| 17:28 | Build | Lumber Camp |
| 17:46 | Queue | Knight |
| 18:35 | Queue | Villager (Male) |
| 18:43 | Queue | Monk |
| 18:50 | Queue | Villager (Male) |
| 20:46 | Queue | Villager (Male) |
| 20:47 | Queue | Villager (Male) |
| 20:47 | Queue | Villager (Male) |
| 20:59 | Build | Town Center |
| 21:06 | Queue | Villager (Male) |
| 21:15 | Research | Double-Bit Axe |
| 22:26 | Queue | Villager (Male) |
| 22:26 | Queue | Villager (Male) |
| 23:21 | Queue | Villager (Male) |
| 23:25 | Queue | Knight |
| 23:25 | Queue | Knight |
| 23:34 | Build | Lumber Camp |
| 23:48 | Build | Siege Workshop |
| 23:55 | Queue | Villager (Male) |
| 24:18 | Queue | Mangonel |
| 24:27 | Build | Lumber Camp |
Build order — Philippvs II
141 actions detected in the replay
| 0:01 | Queue | Villager (Male) |
| 0:03 | Build | House |
| 0:04 | Build | House |
| 0:15 | Queue | Villager (Male) |
| 0:16 | Queue | Villager (Male) |
| 0:16 | Queue | Villager (Male) |
| 1:07 | Queue | Villager (Male) |
| 1:45 | Queue | Villager (Male) |
| 1:45 | Queue | Villager (Male) |
| 1:54 | Build | Lumber Camp |
| 2:01 | Build | Lumber Camp |
| 2:21 | Queue | Villager (Male) |
| 2:47 | Queue | Villager (Male) |
| 3:00 | Build | House |
| 3:04 | Build | House |
| 3:09 | Build | House |
| 3:13 | Queue | Villager (Male) |
| 3:32 | Queue | Villager (Male) |
| 3:47 | Research | Loom |
| 3:52 | Queue | Villager (Male) |
| 4:10 | Queue | Villager (Male) |
| 4:44 | Queue | Villager (Male) |
| 5:04 | Queue | Villager (Male) |
| 5:28 | Queue | Villager (Male) |
| 6:12 | Build | Mining Camp |
| 6:18 | Queue | Villager (Male) |
| 6:49 | Research | Loom |
| 7:10 | Research | Feudal Age |
| 7:31 | Build | House |
| 7:32 | Build | Palisade Wall |
| 8:16 | Build | Barracks |
| 8:28 | Build | Palisade Wall |
| 8:34 | Build | Palisade Wall |
| 9:24 | Age | Feudal Age |
| 9:31 | Build | Archery Range |
| 9:38 | Queue | Villager (Male) |
| 9:41 | Research | Double-Bit Axe |
| 9:59 | Queue | Villager (Male) |
| 10:02 | Build | House |
| 10:20 | Queue | Villager (Male) |
| 10:26 | Build | Archery Range |
| 10:27 | Queue | Archer |
| 10:52 | Queue | Villager (Male) |
| 10:57 | Queue | Archer |
| 11:07 | Queue | Villager (Male) |
| 11:08 | Queue | Spearman |
| 11:16 | Build | Watch Tower |
| 11:23 | Queue | Archer |
| 11:29 | Build | Blacksmith |
| 11:39 | Queue | Archer |
| 11:47 | Build | Palisade Wall |
| 11:48 | Build | Palisade Wall |
| 11:50 | Build | Palisade Wall |
| 11:54 | Queue | Archer |
| 11:59 | Queue | Eagle Scout |
| 12:05 | Build | House |
| 12:11 | Build | Mill |
| 12:52 | Build | Farm |
| 12:53 | Queue | Villager (Male) |
| 12:54 | Build | Farm |
| 13:06 | Queue | Spearman |
| 13:13 | Build | Farm |
| 13:16 | Build | Farm |
| 13:17 | Queue | Villager (Male) |
| 13:42 | Build | House |
| 13:43 | Build | Palisade Wall |
| 13:45 | Build | Palisade Wall |
| 13:53 | Queue | Villager (Male) |
| 13:56 | Build | Farm |
| 13:56 | Queue | Villager (Male) |
| 13:59 | Build | Farm |
| 14:19 | Build | Mining Camp |
| 14:27 | Queue | Archer |
| 14:28 | Queue | Archer |
| 14:34 | Research | Fletching |
| 14:39 | Build | House |
| 15:04 | Build | Palisade Wall |
| 15:11 | Queue | Spearman |
| 15:25 | Build | Barracks |
| 15:27 | Queue | Archer |
| 15:27 | Queue | Archer |
| 15:49 | Queue | Spearman |
| 15:51 | Research | Scale Mail Armor |
| 16:07 | Queue | Spearman |
| 16:10 | Build | House |
| 16:11 | Build | Palisade Wall |
| 16:23 | Queue | Archer |
| 16:46 | Queue | Spearman |
| 16:46 | Queue | Spearman |
| 16:54 | Build | House |
| 16:55 | Queue | Spearman |
| 17:12 | Queue | Spearman |
| 17:30 | Build | Market |
| 17:40 | Queue | Spearman |
| 17:49 | Queue | Spearman |
| 17:54 | Queue | Archer |
| 17:54 | Queue | Archer |
| 18:05 | Build | Lumber Camp |
| 18:06 | Queue | Spearman |
| 18:28 | Build | Watch Tower |
| 18:33 | Queue | Archer |
| 18:33 | Queue | Archer |
| 18:49 | Queue | Villager (Male) |
| 19:11 | Queue | Eagle Scout |
| 19:19 | Queue | Spearman |
| 19:21 | Build | House |
| 19:25 | Build | House |
| 19:26 | Build | Stone Wall |
| 19:55 | Queue | Archer |
| 19:55 | Queue | Archer |
| 19:57 | Queue | Spearman |
| 20:14 | Queue | Villager (Male) |
| 20:15 | Build | Farm |
| 20:41 | Queue | Archer |
| 20:44 | Queue | Archer |
| 20:50 | Build | Palisade Wall |
| 20:55 | Build | Farm |
| 20:55 | Queue | Villager (Male) |
| 20:59 | Build | Palisade Wall |
| 21:03 | Build | Farm |
| 21:06 | Build | Farm |
| 21:20 | Build | Watch Tower |
| 21:34 | Build | Archery Range |
| 21:39 | Queue | Archer |
| 21:40 | Queue | Archer |
| 21:59 | Build | Watch Tower |
| 22:20 | Build | Watch Tower |
| 22:34 | Queue | Archer |
| 22:34 | Queue | Archer |
| 22:38 | Queue | Spearman |
| 22:38 | Queue | Spearman |
| 23:02 | Research | Forging |
| 23:02 | Queue | Eagle Scout |
| 23:23 | Build | House |
| 23:27 | Queue | Villager (Male) |
| 23:45 | Build | Farm |
| 23:46 | Queue | Villager (Male) |
| 23:55 | Build | Palisade Wall |
| 24:40 | Queue | Archer |
| 24:40 | Queue | Archer |
| 24:56 | Queue | Archer |
Match timeline
| 7:32 | Philippvs II · wall_segment Palisade Wall x1 |
| 8:16 | Philippvs II · first_building Barracks |
| 8:28 | Philippvs II · wall_segment Palisade Wall x6 |
| 8:34 | Philippvs II · wall_segment Palisade Wall x9 |
| 8:53 | AttiladaHun · wall_segment Palisade Wall x1 |
| 8:54 | AttiladaHun · wall_segment Palisade Wall x1 |
| 8:59 | AttiladaHun · wall_segment Palisade Wall x1 |
| 9:00 | AttiladaHun · wall_segment Palisade Wall x1 |
| 9:24 | Philippvs II · age_up feudal |
| 9:31 | Philippvs II · first_building Archery Range |
| 10:58 | AttiladaHun · age_up feudal |
| 11:13 | AttiladaHun · first_building Barracks |
| 11:47 | Philippvs II · wall_segment Palisade Wall x1 |
| 11:48 | Philippvs II · wall_segment Palisade Wall x1 |
| 11:50 | Philippvs II · wall_segment Palisade Wall x1 |
| 12:04 | AttiladaHun · first_building Stable |
| 12:21 | AttiladaHun · wall_segment Palisade Wall x1 |
| 12:23 | AttiladaHun · wall_segment Palisade Wall x1 |
| 12:28 | AttiladaHun · wall_segment Palisade Wall x1 |
| 13:12 | AttiladaHun · wall_segment Palisade Wall x1 |
| 13:15 | AttiladaHun · wall_segment Palisade Wall x1 |
| 13:18 | AttiladaHun · wall_segment Palisade Wall x1 |
| 13:19 | AttiladaHun · wall_segment Palisade Wall x1 |
| 13:43 | Philippvs II · wall_segment Palisade Wall x1 |
| 13:45 | Philippvs II · wall_segment Palisade Wall x3 |
| 15:04 | Philippvs II · wall_segment Palisade Wall x2 |
| 15:31 | AttiladaHun · age_up castle |
| 16:11 | Philippvs II · wall_segment Palisade Wall x8 |
| 16:49 | AttiladaHun · first_market_sell 100 wood |
| 17:25 | AttiladaHun · first_building Monastery |
| 19:26 | Philippvs II · wall_segment Stone Wall x1 |
| 20:31 | AttiladaHun · first_market_buy 100 stone |
| 20:50 | Philippvs II · wall_segment Palisade Wall x1 |
| 20:59 | Philippvs II · wall_segment Palisade Wall x1 |
| 21:52 | Philippvs II · first_market_buy 100 stone |
| 22:13 | Philippvs II · first_market_sell 100 food |
| 23:48 | AttiladaHun · first_building Siege Workshop |
| 23:55 | Philippvs II · wall_segment Palisade Wall x1 |
| 24:58 | AttiladaHun · resign |
[ AI ANALYSIS · 1 CREDIT ]
What really happened in this match?
Wolo.gg analyzes every decision: build order, eco, micro, common mistakes by bracket. Personalized analysis on WhatsApp or Discord in 30 seconds.
Civ guide
Magyars
Perfil
Jugador #6850975